ORI
UNIVERSITY OF SOUTHERN CALIFORNIA TROJANS @ COASTAL CAROLINA UNIVERSITY CHANTICLEERS
07/21/2048
 
TOP OF THE 1ST
Oregon State University Beavers batting - Pitching for California State University at Fullerton Titans : RHP Jose Espinosa
Pitching: RHP Jose Espinosa
Batting: LHB Jon Hamilton 0-0: Ball
1-0: Swinging Strike
1-1: Called Strike
1-2: Ball
2-2: Strikes out looking
Batting: SHB Sosaia Apelahama 0-0: Ball
1-0: Ball
2-0: Foul Ball, location: 2F
2-1: Ground out 6-3 (Groundball, 6, EV 85.0 MPH)
Batting: RHB Luis Flores 0-0: Called Strike
0-1: Called Strike
0-2: SINGLE (Flyball, 6D, EV 91.2 MPH)
Batting: LHB Abdul-Hakim Jibril 0-0: Called Strike
0-1: Swinging Strike
0-2: Ball
1-2: Fly out, F5 (Popup, 25F, EV 92.5 MPH)
Top of the 1st over - 0 runs, 1 hit, 0 errors, 1 left on base; Oregon State University 0 - California State University at Fullerton 0
BOTTOM OF THE 1ST
California State University at Fullerton Titans batting - Pitching for Oregon State University Beavers : RHP Edwin Zelaya
Pitching: RHP Edwin Zelaya
Batting: LHB Edwin Esparza 0-0: Ball
1-0: Bunt missed!
1-1: Ball
2-1: Ball
3-1: SINGLE (Groundball, 34D, EV 105.0 MPH)
Batting: RHB Zach Warwick 0-0: Ball
Edwin Esparza steals 2nd, throwing error, E2
Edwin Esparza to third
1-0: Ground out 6-3 (Groundball, 6, EV 80.6 MPH)
Edwin Esparza scores
Batting: LHB Jim Snell 0-0: Ball
1-0: Fly out, F7 (Flyball, 78D, EV 96.9 MPH)
Batting: LHB Mike Fernandez 0-0: Foul Ball, location: 2F
0-1: Ball
1-1: Swinging Strike
1-2: Ball
2-2: SINGLE (Line Drive, 9S, EV 88.8 MPH)
Batting: RHB Matt Martin 0-0: Ground out 4-3 (Groundball, 34, EV 104.4 MPH)
Bottom of the 1st over - 1 run, 2 hits, 1 error, 1 left on base; Oregon State University 0 - California State University at Fullerton 1
TOP OF THE 2ND
Oregon State University Beavers batting - Pitching for California State University at Fullerton Titans : RHP Jose Espinosa
Batting: RHB Steve Webb 0-0: Ball
1-0: Ball
2-0: Foul Ball, location: 2F
2-1: SINGLE (Flyball, 78M, EV 91.2 MPH)
Batting: RHB Rafael Ventura 0-0: Called Strike
0-1: Ball
1-1: Fielders Choice at 2nd, 3-6 (Groundball, 34, EV 85.0 MPH)
Batting: RHB Yasuyuki Moriyama 0-0: SINGLE (Flyball, 8RS, EV 91.2 MPH)
Rafael Ventura to second
Batting: LHB Emmett Hamilton 0-0: Ball
1-0: Called Strike
1-1: Fly out, F9 (Flyball, 9, EV 78.8 MPH)
Batting: RHB Israel Soto 0-0: Foul Ball, location: 2F
0-1: Ball
1-1: Fielders Choice at 2nd, 6-4 (Groundball, 6, EV 87.5 MPH)
Top of the 2nd over - 0 runs, 2 hits, 0 errors, 2 left on base; Oregon State University 0 - California State University at Fullerton 1
BOTTOM OF THE 2ND
California State University at Fullerton Titans batting - Pitching for Oregon State University Beavers : RHP Edwin Zelaya
Batting: SHB Eric Delikat 0-0: Ball
1-0: Foul Ball, location: 2F
1-1: Ball
2-1: Foul Ball, location: 2F
2-2: Foul Ball, location: 2F
2-2: Foul Ball, location: 2F
2-2: Strikes out swinging
Batting: SHB Jason Pugh 0-0: Called Strike
0-1: Swinging Strike
0-2: Ball
1-2: Strikes out swinging
Batting: RHB Jamie Blankenship 0-0: Foul Ball, location: 2F
0-1: Called Strike
0-2: DOUBLE (Groundball, 3L, EV 105.6 MPH)
Batting: RHB Sergio Cervantes 0-0: Called Strike
0-1: Ground out 6-3 (Groundball, 6M, EV 83.1 MPH)
Bottom of the 2nd over - 0 runs, 1 hit, 0 errors, 1 left on base; Oregon State University 0 - California State University at Fullerton 1
TOP OF THE 3RD
Oregon State University Beavers batting - Pitching for California State University at Fullerton Titans : RHP Jose Espinosa
Batting: LHB Jon Hamilton 0-0: Foul Ball, location: 2F
0-1: Ball
1-1: Ball
2-1: Ground out 6-3 (Groundball, 4M, EV 76.2 MPH)
Batting: SHB Sosaia Apelahama 0-0: Bunt for hit to 15 - play at first, batter OUT! 1-3
Batting: RHB Luis Flores 0-0: Swinging Strike
0-1: Called Strike
0-2: Ball
1-2: Ball
2-2: Foul Ball, location: 2F
2-2: Foul Ball, location: 2F
2-2: Strikes out swinging
Top of the 3rd over - 0 runs, 0 hits, 0 errors, 0 left on base; Oregon State University 0 - California State University at Fullerton 1
BOTTOM OF THE 3RD
California State University at Fullerton Titans batting - Pitching for Oregon State University Beavers : RHP Edwin Zelaya
Batting: LHB Edwin Esparza 0-0: Bunt for hit to 13 - play at first, batter OUT! 1-3
Batting: RHB Zach Warwick 0-0: SINGLE (Line Drive, 9LS, EV 89.4 MPH)
Batting: LHB Jim Snell 0-0: Called Strike
0-1: Ball
1-1: Ball
Zach Warwick steals 2nd, throwing error, E2
Zach Warwick to third
2-1: Ball
3-1: Swinging Strike
3-2: Ground out 6-3 (Groundball, 6, EV 101.2 MPH)
Zach Warwick scores
Batting: LHB Mike Fernandez 0-0: Fly out, F6 (Line Drive, 6, EV 68.1 MPH)
Bottom of the 3rd over - 1 run, 1 hit, 1 error, 0 left on base; Oregon State University 0 - California State University at Fullerton 2
TOP OF THE 4TH
Oregon State University Beavers batting - Pitching for California State University at Fullerton Titans : RHP Jose Espinosa
Batting: LHB Abdul-Hakim Jibril 0-0: Swinging Strike
0-1: Ball
1-1: Swinging Strike
1-2: Strikes out swinging
Batting: RHB Steve Webb 0-0: Called Strike
0-1: Ball
1-1: Called Strike
1-2: Strikes out swinging
Batting: RHB Rafael Ventura 0-0: Ground out U3 (Groundball, 3, EV 78.1 MPH)
Top of the 4th over - 0 runs, 0 hits, 0 errors, 0 left on base; Oregon State University 0 - California State University at Fullerton 2
BOTTOM OF THE 4TH
California State University at Fullerton Titans batting - Pitching for Oregon State University Beavers : RHP Edwin Zelaya
Batting: RHB Matt Martin 0-0: Ball
1-0: Fly out, F9 (Flyball, 89S, EV 91.2 MPH)
Batting: SHB Eric Delikat 0-0: Called Strike
0-1: Ball
1-1: Ground out 4-3 (Groundball, 4S, EV 86.9 MPH)
Batting: SHB Jason Pugh 0-0: Called Strike
0-1: Called Strike
0-2: Fly out, F9 (Flyball, 9S, EV 94.4 MPH)
Bottom of the 4th over - 0 runs, 0 hits, 0 errors, 0 left on base; Oregon State University 0 - California State University at Fullerton 2
TOP OF THE 5TH
Oregon State University Beavers batting - Pitching for California State University at Fullerton Titans : RHP Jose Espinosa
Now at C: Jim Cahan
Now at 2B: Felipe Lara
Now in RF: Steve Lane
Batting: RHB Yasuyuki Moriyama 0-0: Ball
1-0: Ground out U3 (Groundball, 3S, EV 64.4 MPH)
Batting: LHB Emmett Hamilton 0-0: Fly out, F8 (Line Drive, 89S, EV 95.0 MPH)
Batting: RHB Israel Soto 0-0: Swinging Strike
0-1: Ball
1-1: Foul Ball, location: 2F
1-2: Strikes out swinging
Top of the 5th over - 0 runs, 0 hits, 0 errors, 0 left on base; Oregon State University 0 - California State University at Fullerton 2
BOTTOM OF THE 5TH
California State University at Fullerton Titans batting - Pitching for Oregon State University Beavers : RHP Edwin Zelaya
Pitching: LHP Mark Sander
Now at 1B: Kyle McCunn
Now at 2B: Chris Gartner
Now at SS: Eric Robertson
Now in LF: Pablo Fraga
Batting: RHB Jamie Blankenship 0-0: Fly out, F6 (Popup, 6M, EV 53.1 MPH)
Batting: RHB Sergio Cervantes 0-0: Ball
1-0: Ball
2-0: Swinging Strike
2-1: Ball
3-1: Called Strike
3-2: Foul Ball, location: 2F
3-2: Foul Ball, location: 2F
3-2: Base on Balls
Batting: LHB Edwin Esparza 0-0: Ball
1-0: Called Strike
1-1: Foul Ball, location: 2F
1-2: Foul Ball, location: 2F
1-2: Ball
2-2: Foul Ball, location: 2F
2-2: Foul Ball, location: 2F
2-2: Foul Ball, location: 2F
2-2: Foul Ball, location: 2F
2-2: Ball
3-2: Foul Ball, location: 2F
3-2: Fielders Choice at 2nd, 4-6 (Groundball, 4, EV 85.0 MPH)
Batting: LHB Steve Lane 0-0: Ball
1-0: Called Strike
1-1: Foul Ball, location: 2F
1-2: Foul Ball, location: 2F
1-2: Foul Ball, location: 2F
1-2: Ball
2-2: Fly out, F7 (Flyball, 7LS, EV 83.1 MPH)
Bottom of the 5th over - 0 runs, 0 hits, 0 errors, 1 left on base; Oregon State University 0 - California State University at Fullerton 2
TOP OF THE 6TH
Oregon State University Beavers batting - Pitching for California State University at Fullerton Titans : RHP Jose Espinosa
Pitching: RHP John Woods
Now at 1B: Hassan Thomas
Now at 3B: Jeremy Evans
Pinch Hitting: LHB Sun-wei Kuai 0-0: Ball
1-0: Ground out 6-3 (Groundball, 6, EV 77.5 MPH)
Batting: LHB Pablo Fraga 0-0: Called Strike
0-1: Ball
1-1: Ball
2-1: Swinging Strike
2-2: Ball
3-2: DOUBLE (Line Drive, 78M, EV 111.9 MPH)
Batting: SHB Eric Robertson 0-0: Ground out 3-1 (Groundball, 34, EV 86.2 MPH)
Pablo Fraga to third
Pinch Hitting: LHB Brock Darby 0-0: Ball
1-0: Ball
2-0: Called Strike
2-1: Ball
3-1: Called Strike
3-2: Base on Balls
Batting: LHB Jason Trevarrow 0-0: Called Strike
0-1: Ball
1-1: Foul Ball, location: 2F
1-2: Foul Ball, location: 2F
Pickoff Throw to First - Out! 1-3
Top of the 6th over - 0 runs, 1 hit, 0 errors, 1 left on base; Oregon State University 0 - California State University at Fullerton 2
BOTTOM OF THE 6TH
California State University at Fullerton Titans batting - Pitching for Oregon State University Beavers : LHP Mark Sander
Now at C: Dave Crum
Now in CF: Brock Darby
Now in RF: Sun-wei Kuai
Pinch Hitting: RHB Alex Freyre 0-0: Foul Ball, location: 2F
0-1: Foul Ball, location: 2F
0-2: Fly out, F6 (Line Drive, 6MD, EV 68.1 MPH)
Batting: RHB Jeremy Evans 0-0: Called Strike
0-1: Swinging Strike
0-2: Strikes out swinging
Batting: RHB Hassan Thomas 0-0: Swinging Strike
0-1: Foul Ball, location: 2F
0-2: Ground out 6-3 (Groundball, 6, EV 88.1 MPH)
Bottom of the 6th over - 0 runs, 0 hits, 0 errors, 0 left on base; Oregon State University 0 - California State University at Fullerton 2
TOP OF THE 7TH
Oregon State University Beavers batting - Pitching for California State University at Fullerton Titans : RHP John Woods
Now at 1B: Jonathan Jacob
Now at 3B: Nick Pothier
Now at SS: Jeremy Evans
Now in LF: Efrain Gonzalez
Now in CF: Alex Freyre
Batting: LHB Jason Trevarrow 0-0: Swinging Strike
0-1: Ball
1-1: Foul Ball, location: 2F
1-2: Foul Ball, location: 2F
1-2: Strikes out looking
Pinch Hitting: RHB Willie Lopez 0-0: Ball
1-0: Called Strike
1-1: Foul Ball, location: 2F
1-2: Ball
2-2: Ball
3-2: Strikes out looking
Batting: SHB Chris Gartner 0-0: Ball
1-0: Foul Ball, location: 2F
1-1: Ground out 4-3 (Groundball, 4, EV 86.2 MPH)
Top of the 7th over - 0 runs, 0 hits, 0 errors, 0 left on base; Oregon State University 0 - California State University at Fullerton 2
BOTTOM OF THE 7TH
California State University at Fullerton Titans batting - Pitching for Oregon State University Beavers : LHP Mark Sander
Pitching: LHP Roberto Vazquez
Now at 3B: Willie Lopez
Batting: RHB Jim Cahan 0-0: Called Strike
0-1: Foul Ball, location: 2F
0-2: Ball
1-2: Ground out 5-3 (Groundball, 56, EV 77.5 MPH)
Batting: RHB Felipe Lara 0-0: Called Strike
0-1: Ball
1-1: Called Strike
1-2: Strikes out swinging
Batting: RHB Nick Pothier 0-0: Called Strike
0-1: Ball
1-1: Ball
2-1: Ground out 4-3 (Groundball, 4, EV 84.4 MPH)
Bottom of the 7th over - 0 runs, 0 hits, 0 errors, 0 left on base; Oregon State University 0 - California State University at Fullerton 2
TOP OF THE 8TH
Oregon State University Beavers batting - Pitching for California State University at Fullerton Titans : RHP John Woods
Pitching: RHP Jordan Vasquez
Pinch Hitting: LHB Fred Bal 0-0: Called Strike
0-1: Called Strike
0-2: Ball
1-2: Ball
2-2: SINGLE (Groundball, 34D, EV 93.8 MPH)
Batting: RHB Dave Crum 0-0: Called Strike
0-1: Foul Ball, location: 2F
0-2: Ball
1-2: Ball
2-2: Ball
3-2: Base on Balls
Fred Bal to second
Pinch Runner at 2nd Omar Noyola:
Batting: LHB Sun-wei Kuai 0-0: Called Strike
0-1: Ball
1-1: Called Strike
1-2: Strikes out swinging
Batting: LHB Pablo Fraga 0-0: Ball
1-0: Ball
2-0: Fielders Choice at 2nd, 4-6 (Groundball, 4, EV 83.8 MPH)
Omar Noyola to third
Batting: SHB Eric Robertson 0-0: Ball
1-0: Called Strike
1-1: Ground out 1-3 (Groundball, 15S, EV 66.2 MPH)
Top of the 8th over - 0 runs, 1 hit, 0 errors, 2 left on base; Oregon State University 0 - California State University at Fullerton 2
BOTTOM OF THE 8TH
California State University at Fullerton Titans batting - Pitching for Oregon State University Beavers : LHP Roberto Vazquez
Pitching: LHP Eric Harris
Now at 1B: Omar Noyola
Batting: SHB Jonathan Jacob 0-0: Ground out 4-3 (Groundball, 4, EV 83.8 MPH)
Batting: LHB John Blumberg 0-0: Called Strike
0-1: Ball
1-1: Swinging Strike
1-2: Ball
2-2: Ball
3-2: Ground out 1-3 (Groundball, 13S, EV 72.5 MPH)
Batting: LHB Steve Lane 0-0: Called Strike
0-1: Ball
1-1: Ground out U3 (Groundball, 3, EV 96.9 MPH)
Bottom of the 8th over - 0 runs, 0 hits, 0 errors, 0 left on base; Oregon State University 0 - California State University at Fullerton 2
TOP OF THE 9TH
Oregon State University Beavers batting - Pitching for California State University at Fullerton Titans : RHP Jordan Vasquez
Pitching: RHP David Akers
Batting: LHB Brock Darby 0-0: Swinging Strike
0-1: Ball
1-1: Foul Ball, location: 2F
1-2: Strikes out swinging
Batting: LHB Jason Trevarrow 0-0: Foul Ball, location: 2F
0-1: Foul Ball, location: 2F
0-2: Ball
1-2: SINGLE (Flyball, 5D, EV 91.9 MPH) - OUT at second base trying to stretch hit.
Pinch Hitting: RHB Freddie Macleod 0-0: Ball
1-0: Foul Ball, location: 2F
1-1: Foul Ball, location: 2F
1-2: Ball
2-2: Strikes out swinging
Top of the 9th over - 0 runs, 1 hit, 0 errors, 0 left on base; Oregon State University 0 - California State University at Fullerton 2
Tuesday, March 28th , 2023 - OOTP Baseball 23.10 Build 110